 Dungeon Sprint DCSS version 0.20.1-1-g8b1a95d (webtiles) character file.

3304 inmateoo the Carver (level 9, -10/78 HPs)
             Began as a Mummy Fighter on Sept 6, 2017.
             Was the Champion of Makhleb.
             Mangled by a greater mummy (24 damage)
             ... in the Dungeon (Sprint V: "Ziggurat Sprint").
             The game lasted 00:05:11 (634 turns).

inmateoo the Carver (Mummy Fighter)                  Turns: 634, Time: 00:05:11

Health: -10/78     AC: 17    Str: 32    XL:     9   Next: 70%
Magic:  0/12       EV: 12    Int:  7    God:    Makhleb [******]
Gold:   0          SH: 14    Dex: 25    Spells: 1/8 levels left

rFire    + . .     SeeInvis .   p - +9 sword of Zonguldrok {reap}
rCold    + + .     Gourm    .   e - +3 shield
rNeg     + + +     Faith    .   f - +5 fire dragon scales
rPois    ∞         Spirit   +   (no helmet)
rElec    .         Reflect  .   (no cloak)
rCorr    .         Harm     .   b - +0 pair of fencer's gloves {+Riposte Dex+3}
MR       +....     NoTele   +   (no boots)
Stlth    +.........             s - amulet of Goce {Spirit Fragile rC++ Dex+8 Stlth+}
Regen    0.3/turn               t - +6 ring of strength
MPRegen  0.2/turn               u - +6 ring of strength

@: studying 2 skills
A: no food or potions, fire vulnerability, cold resistance 1, negative energy
resistance 3, torment resistance, unbreathing
a: Minor Destruction, Lesser Servant of Makhleb, Major Destruction, Greater
Servant of Makhleb, Renounce Religion


You were in the Dungeon.
You worshipped Makhleb.
Makhleb was exalted by your worship.
You were not hungry.

You visited 1 branch

Inventory:

Hand Weapons
 p - the +9 sword of Zonguldrok (weapon) {reap}
   (You found it in the Dungeon)

   If a monster killed with it leaves a corpse in good enough shape, the corpse
   will be animated as a zombie friendly to the killer.
Armour
 b - the +0 pair of fencer's gloves (worn) {+Riposte Dex+3}
   (You found it in the Dungeon)

   It affects your dexterity (+3).
 e - a +3 shield (worn)
 f - +5 fire dragon scales (worn)
Jewellery
 a - the amulet of Vitality {Regen+ HP+15}
   (You found it in the Dungeon)

   [amulet of regeneration]

   It affects your health (+15).
   It increases your rate of regeneration.
 s - the amulet of Goce (around neck) {Spirit Fragile rC++ Dex+8 Stlth+}
   (You found it in the Dungeon)

   [amulet of guardian spirit]

   It causes incoming damage to be split between your health and magic.
   It affects your dexterity (+8).
   It greatly protects you from cold.
   It will be destroyed if unequipped.
   It makes you more stealthy.
 t - a +6 ring of strength (left hand)
 u - a +6 ring of strength (right hand)
Wands
 l - a wand of disintegration (7/24)
 m - a wand of iceblast (5/15)
 n - a wand of lightning (5/15)
 o - a wand of acid (5/15)
Scrolls
 c - 4 scrolls of amnesia
 d - 4 scrolls of blinking
 g - 3 scrolls of recharging
 h - 7 scrolls of fog
 i - 5 scrolls of identify
 j - 5 scrolls of remove curse
 k - 2 scrolls of fear
Books
 r - a manual of Necromancy
 v - a manual of Earth Magic
Miscellaneous
 q - a lamp of fire


   Skills:
 + Level 10.2 Fighting
 * Level 13.7 Long Blades
 + Level 7.7 Armour
 + Level 4.7 Dodging
 - Level 2.4 Shields
 + Level 4.7 Evocations


You had one spell level left.
You knew the following spells:

 Your Spells              Type           Power        Failure   Level  Hunger
a - Shroud of Golubria    Chrm/Tloc      #.........   100%        2    N/A
b - Lee's Rapid Deconstr  Erth           #.........   100%        5    N/A

Dungeon Overview and Level Annotations

Branches:
Dungeon (1/1)

Altars:
Ashenzari
Cheibriados
Dithmenos
Elyvilon
Fedhas
Gozag
Hepliaklqana
Kikubaaqudgha
Makhleb
Nemelex Xobeh
Okawaru
Qazlal
Ru
Sif Muna
Trog
Uskayaw
Vehumet
Xom
Yredelemnul
Zin
The Shining One
Beogh
Jiyva
Lugonu

Annotations:
D 1 transporter


Innate Abilities, Weirdness & Mutations

You do not eat or drink.
Your flesh is vulnerable to fire.
You are immune to poison.
Your flesh is cold resistant. (rC+)
You are immune to negative energy. (rN+++)
You are immune to unholy pain and torment.
You can survive without breathing.


Message History

The flayed ghost disappears in a puff of smoke!
The giant cockroach zombie disappears in a puff of smoke!
The flayed ghost disappears in a puff of smoke!
Your Fighting skill increases to level 10!
You block the orange demon's attack. You block the death scarab's attack.
The greater mummy hits you!!
* * * LOW HITPOINT WARNING * * *
Press: ? - help, Shift-Dir - straight line, f - greater mummy
Aim: a greater mummy The sticky flame hits the greater mummy.
The greater mummy appears unharmed.
The greater mummy is covered in liquid flames!
The greater mummy burns!
The death scarab bites you but does no damage.
The emperor scorpion stings you but does no damage.
The emperor scorpion barely misses you.
The emperor scorpion claws you but does no damage.
The orange demon barely misses you. You block the ushabti's attack.
The greater mummy hits you!!
You die...

▓........▓........▓
▓▓▓▓▓▓▓▓▓▓▓▓▓▓▓▓▓▓▓
▓...8©8...▓..8©8..▓
▓..:[|?...▓..)))..▓
▓...|["...▓..[[...▓
▓..§§.....▓.......▓
▓....M4...▓.......▓
▓..M8MMs..▓.......▓
▓...§@s3..▓.......▓
▓.▓§..s.▓.▓.▓...▓.▓
▓...3...s.▓..†....▓
▓▓▓▓▓▓▓▓▓▓▓▓▓▓▓▓▓▓▓
▓..8©8..▓ ▓...||..▓
▓..:}=..▓ ▓.......▓
▓..)....▓


You could see a greater mummy (burning), 3 emperor scorpions, 2 soul eaters, an
orange demon, an ushabti, a death scarab and 3 mummies.

Vanquished Creatures
  A mummy priest (D)
  An ugly thing (D)
  A rime drake (D)
  A polar bear (D)
  A hog (shapeshifter) (D)
  4 fire elementals (D)
  A golden eye (shapeshifter) (D)
  A steam dragon (D)
  2 nagas (D)
  A warg (shapeshifter) (D)
  3 water moccasins (D)
  A mummy (D)
  3 adders (D)
  A white imp (D)
  An adder simulacrum (D)
  A ball python (D)
  A ball python zombie (D)
  A jackal simulacrum (D)
  A quokka zombie (D)
27 creatures vanquished.

Vanquished Creatures (collateral kills)
  A shining eye (D)
  A neqoxec (D)
  2 ball pythons (D)
4 creatures vanquished.

Grand Total: 31 creatures vanquished

Notes
Turn   | Place    | Note
-------+----------+-------------------------------------------
     0 | D        | inmateoo the Mummy Fighter began the quest for the Orb.
     0 | D        | Reached XP level 1. HP: 18/18 MP: 1/1
    16 | D        | Found a blossoming altar of Fedhas.
    23 | D        | Found a viscous altar of Jiyva.
    23 | D        | Found a hazy altar of Hepliaklqana.
    23 | D        | Found a transporter.
    23 | D        | Found an opulent altar of Gozag.
    23 | D        | Found an ancient bone altar of Kikubaaqudgha.
    23 | D        | Found a corrupted altar of Lugonu.
    44 | D        | Found a burning altar of Makhleb.
    45 | D        | Found a sacrificial altar of Ru.
    45 | D        | Found a deep blue altar of Sif Muna.
    45 | D        | Found a stormy altar of Qazlal.
    45 | D        | Found a bloodstained altar of Trog.
    45 | D        | Found an iron altar of Okawaru.
    45 | D        | Found a sparkling altar of Nemelex Xobeh.
    97 | D        | Became a worshipper of Makhleb the Destroyer
   106 | D        | Entered arena 2.
   106 | D        | Noticed a rime drake
   106 | D        | Noticed a steam dragon
   106 | D        | Found a transporter.
   109 | D        | Killed a steam dragon
   109 | D        | Reached skill level 8 in Long Blades
   109 | D        | Reached XP level 2. HP: 19/24 MP: 2/2
   109 | D        | Reached XP level 3. HP: 23/29 MP: 3/3
   109 | D        | Reached XP level 4. HP: 27/35 MP: 4/4
   112 | D        | Killed a rime drake
   112 | D        | Reached skill level 5 in Fighting
   112 | D        | Reached skill level 9 in Long Blades
   112 | D        | Reached XP level 5. HP: 35/44 MP: 5/5
   184 | D        | Entered arena 3.
   184 | D        | Found a transporter.
   188 | D        | Reached * piety under Makhleb
   199 | D        | Entered arena 4.
   199 | D        | Noticed a fire elemental
   199 | D        | Noticed a fire elemental
   199 | D        | Noticed a fire elemental
   199 | D        | Noticed a fire elemental
   199 | D        | Found a transporter.
   206 | D        | Killed a fire elemental
   206 | D        | Reached ** piety under Makhleb
   206 | D        | Reached skill level 10 in Long Blades
   206 | D        | Reached XP level 6. HP: 28/52 MP: 6/6
   207 | D        | Killed a fire elemental
   207 | D        | Reached XP level 7. HP: 41/59 MP: 7/7
   210 | D        | Killed a fire elemental
   210 | D        | Reached skill level 11 in Long Blades
   210 | D        | Reached skill level 5 in Armour
   212 | D        | Killed a fire elemental
   362 | D        | Entered arena 5.
   362 | D        | Noticed a polar bear
   362 | D        | Found a transporter.
   367 | D        | Reached *** piety under Makhleb
   372 | D        | Killed a polar bear
   372 | D        | Reached skill level 12 in Long Blades
   372 | D        | Reached XP level 8. HP: 69/69 MP: 8/8
   399 | D        | Entered arena 6.
   399 | D        | Found a transporter.
   404 | D        | Reached **** piety under Makhleb
   413 | D        | Reached skill level 1 in Dodging
   413 | D        | Reached skill level 1 in Evocations
   429 | D        | Entered arena 7.
   436 | D        | Reached ***** piety under Makhleb
   448 | D        | Found a transporter.
   454 | D        | Got the amulet of Goce {Spirit Fragile rC++ Dex+8 Stlth+}
   540 | D        | Entered arena 8.
   540 | D        | Noticed a green ugly thing
   540 | D        | Noticed a shining eye
   541 | D        | Found a transporter.
   553 | D        | Killed a shining eye
   558 | D        | Reached XP level 9. HP: 62/77 MP: 7/11
   560 | D        | Reached skill level 13 in Long Blades
   568 | D        | Killed a green ugly thing
   568 | D        | Reached ****** piety under Makhleb
   615 | D        | Identified the Catalogue of Displaced Earth (You found it in the Dungeon)
   618 | D        | Learned a level 2 spell: Shroud of Golubria
   618 | D        | Identified the Catalogue of Displaced Earth (You found it in the Dungeon)
   624 | D        | Learned a level 5 spell: Lee's Rapid Deconstruction
   626 | D        | Entered arena 9.
   626 | D        | Noticed a death scarab
   626 | D        | Noticed a greater mummy
   626 | D        | Noticed a mummy priest
   627 | D        | Found a transporter.
   631 | D        | Noticed an orange demon
   631 | D        | Noticed a soul eater
   632 | D        | Noticed an emperor scorpion
   632 | D        | Noticed an emperor scorpion
   632 | D        | Noticed an emperor scorpion
   633 | D        | Noticed a flayed ghost
   633 | D        | Noticed a flayed ghost
   633 | D        | Killed a mummy priest
   633 | D        | Reached skill level 10 in Fighting
   633 | D        | Noticed a soul eater
   634 | D        | Mangled by a greater mummy

Skill      XL: |  1  2  3  4  5  6  7  8  9 |
---------------+----------------------------+-----
Long Blades    | 8 9 10 12 13 | 13.7
Fighting       | 5 6 8 9 10 | 10.2
Armour         | 3 4 5 6 7 |  7.7
Dodging        | 3 4 |  4.7
Evocations     | 3 4 |  4.7
Shields        | |  2.4

Action                   |  1- 3 |  4- 6 |  7- 9 || total
-------------------------+-------+-------+-------++-------
Melee: Double sword      |     2 |    12 |    58 ||    72
Invok: Major Destruction |       |       |     1 ||     1
Armor: Fire dragon scale |       |    10 |    30 ||    40
Dodge: Dodged            |     2 |     5 |     9 ||    16
Block: Shield            |     1 |    14 |    30 ||    45
       Rpst.: Double sword |       |     2 |       ||     2
